 Dungeon Crawl Stone Soup version 0.30-a0-222-ge547ba4400 (webtiles) character file.

Game seed: 18156023943239570929

202 xian the Sneak (level 5, -3/25 HPs)
             Began as a Vine Stalker Enchanter on Oct 8, 2022.
             Slain by a hobgoblin (4 damage)
             ... on level 4 of the Dungeon.
             The game lasted 00:05:57 (2649 turns).

xian the Sneak (Vine Stalker Enchanter)             Turns: 2649, Time: 00:05:57

Health: -3/25      AC:  6    Str: 12    XL:     5   Next: 80%
Magic:  0/9        EV: 12    Int: 15    God:
Gold:   222        SH:  0    Dex: 15    Spells: 6/8 levels left

rFire   + + .      SeeInvis .    p - +7 long sword of the Pyrrhic Victory {freeze, rF+}
rCold   x . .      Faith    .    (no shield)
rNeg    . . .      Spirit   +    o - +0 leather armour
rPois   .          Reflect  .    (no helmet)
rElec   .          Harm     .    u - +0 cloak
rCorr   .          Rampage  .    k - +0 pair of gloves
Will    .....                    l - +0 pair of boots
Stlth   +++.......               (no amulet)
HPRegen 1.04/turn                e - ring of fire
MPRegen 0.11/turn                (no ring)

@: no status effects
A: fangs 2, regeneration 1, magic shield, antimagic bite, no potion heal 2
a: no special abilities


You were on level 4 of the Dungeon.
You visited 1 branch of the dungeon, and saw 4 of its levels.

You collected 222 gold pieces.

Inventory:

Hand Weapons
 p - the +7 long sword of the Pyrrhic Victory (weapon) {freeze, rF+}
   (You found it on level 2 of the Dungeon)

   It freezes those it strikes, dealing additional cold damage.
   It can also slow down cold-blooded creatures.
   rF:        It protects you from fire.
Missiles
 b - 7 atropa-tipped darts (quivered)
 t - a throwing net
Armour
 k - a +0 pair of gloves (worn)
 l - a +0 pair of boots (worn)
 o - a +0 leather armour (worn)
 u - a +0 cloak (worn)
 v - a +0 plate armour
Magical Staves
 i - a staff of poison
 m - a staff of cold
Jewellery
 e - a ring of fire (left hand)
Wands
 j - a wand of flame (16)
Scrolls
 d - a scroll of identify {unknown}
 h - 3 scrolls of vulnerability {unknown}
 n - a scroll of fog {unknown}
 q - a scroll of poison {unknown}
 r - a scroll of enchant weapon {unknown}
 s - a scroll of teleportation {unknown}
Potions
 a - a potion of haste {unknown}
 c - 3 potions of invisibility
 f - 2 potions of curing
 g - a potion of might {unknown}


   Skills:
 + Level 1.0 Fighting
 + Level 1.3(2.0) Short Blades
 + Level 2.2(2.5) Long Blades
 + Level 1.3 Armour
 + Level 2.3 Dodging
 + Level 4.7 Stealth
 + Level 2.3 Spellcasting
 + Level 3.3 Hexes


You had 6 spell levels left.
You knew the following spells:

 Your Spells              Type           Power      Damage    Failure   Level
a - Ensorcelled Hibernat  Hex/Ice        12%        N/A       21%         2

Your spell library contained the following spells:

 Spells                   Type           Power      Damage    Failure   Level
 Confusing Touch          Hex            11%        N/A       21%         3
 Tukima's Dance           Hex            11%        N/A       21%         3
 Dazzling Flash           Conj/Hex       12%        N/A       38%         3
 Gell's Gravitas          Tloc           1%         N/A       63%         3
 Teleport Other           Tloc           1%         N/A       63%         3
 Dispersal                Tloc           0%         N/A       100%        6


Dungeon Overview and Level Annotations

Branches:
Dungeon (4/15)
 Temple: D:4-7

Altars:

Annotations:
D:1 1 transporter


Innate Abilities, Weirdness & Mutations

You have extremely sharp teeth.
Your natural rate of healing is unusually fast.
When hurt, damage is shared between your health and your magic reserves.
Your bite disrupts and absorbs the magic of your enemies.
Potions cannot restore your health.


Message History

You miss the kobold. You bite the kobold.
You kill the kobold!
A wight comes into view. It is wielding a +0 long sword.
A quokka comes into view.
A wight comes into view.
It is wielding a +2 trident of freezing.
A hobgoblin comes into view.
The hobgoblin shouts!
You hear a shout!
An endoplasm comes into view.
The hobgoblin moves out of view.
Things that are here:
a +0 short sword; a scroll labelled ZAOLENTUCU; a kobold corpse The endoplasm quivers.
You slash the wight! You bite the wight, but do no damage.
The wight is severely damaged.
The wight hits you from afar with a +2 spear of venom!
The wight hits you with a +3 scimitar of freezing.
You feel drained. The wight freezes you.
You barely miss the wight. You bite the wight, but do no damage.
The wight is severely damaged.
The wight hits you from afar with a +2 spear of venom.
You feel drained.
You are poisoned.
You slash the wight!
You destroy the wight!
You feel very sick.
The wight hits you from afar with a +2 spear of venom.
You feel drained.
* * * LOW HITPOINT WARNING * * *
You are lethally poisoned!
The quokka bites you but does no damage.
The hobgoblin hits you but does no damage.
The wight hits you from afar with a +2 spear of venom.
* * * LOW HITPOINT WARNING * * *
Your life force feels restored.
Your Fighting skill increases to level 1!
Your Long Blades skill increases to level 2!
Your system rejects the healing.
You feel better. The quokka bites you.
* * * LOW HITPOINT WARNING * * *
The wight closely misses you. The hobgoblin hits you.
You die...

..8. .... ...8.
..... 8..z .z#
####### #g#.......
#@## ......r#.## ###
..../...#.## #.#
.........#.###.#
..........#.##.#
##.#.......#.#.###.#
#.#.#.......#......#
#####........#.#####
#....####..#


You could see 2 wights, a quokka and a hobgoblin.

Vanquished Creatures
  A wight (D:4)
  Crazy Yiuf (D:3)
  4 gnolls (D:4)
  2 adders (D:3)
  3 worms (D:3)
  4 endoplasms
  3 giant cockroaches
  4 goblins (D:1)
  3 hobgoblins
  2 jackals (D:3)
  7 kobolds
  3 quokkas
  5 ball pythons
  7 bats
  3 frilled lizards
  5 rats
57 creatures vanquished.

Notes
Turn   | Place    | Note
-------+----------+-------------------------------------------
     0 | D:1      | xian the Vine Stalker Enchanter began the quest for the
                  | Orb.
     0 | D:1      | Reached XP level 1. HP: 9/9 MP: 4/4
    76 | D:1      | Reached XP level 2. HP: 8/13 MP: 6/6
   351 | D:1      | Reached skill level 4 in Stealth
   407 | D:1      | Reached skill level 1 in Short Blades
   407 | D:1      | Reached XP level 3. HP: 16/16 MP: 7/7
  1030 | D:2      | Identified the +7 long sword of the Pyrrhic Victory
                  | {freeze, rF+}
  1710 | D:3      | Learned a level 2 spell: Ensorcelled Hibernation
  1772 | D:3      | Gained mutation: Your natural rate of healing is unusually
                  | fast. [Vine Stalker growth]
  1772 | D:3      | Reached XP level 4. HP: 21/21 MP: 8/8
  2078 | D:3      | Found a runed translucent door.
  2079 | D:3      | Noticed Crazy Yiuf
  2087 | D:3      | Killed Crazy Yiuf
  2195 | D:3      | Reached skill level 1 in Armour
  2457 | D:3      | Reached skill level 1 in Long Blades
  2562 | D:4      | Reached XP level 5. HP: 16/25 MP: 3/9
  2648 | D:4      | HP: 1/21 [wight/+2 spear of venom (5)]
  2649 | D:4      | Reached skill level 1 in Fighting
  2649 | D:4      | Slain by a hobgoblin

Illustrated notes

Levels and vault maps discovered:
D:1:      spicycebolla_arrival_transporter_tutorial, layout_rooms,
          minmay_tripent
D:2:      layout_basic, kennysheep_generic_room_4
D:3:      minmay_door_path, layout_basic, kennysheep_flooded_box,
          uniq_crazy_yiuf_cottage
D:4:      wad_pebble_path, layout_loops_ring, lemuel_round_altar,
          biasface_ghost_orc_armoury, uniq_eustachio

Skill      XL: |  1  2  3  4  5 |
---------------+----------------+-----
Dodging        | 2 |  2.3
Stealth        | 4 |  4.7
Short Blades   | 1 |  1.3
Armour         | 1 |  1.3
Long Blades    | 1 2 |  2.2
Fighting       | 1 |  1.0
Spellcasting   | |  2.3
Hexes          | |  3.3

Action                   |  1- 3 |  4- 6 || total
-------------------------+-------+-------++-------
Melee: Dagger            |   108 |       ||   108
       Bite              |    20 |     8 ||    28
       Punch             |     2 |       ||     2
       Long sword        |    18 |    28 ||    46
Throw: Throwing net      |       |     1 ||     1
  Use: Potion            |       |     1 ||     1
 Stab: Sleeping          |     3 |     2 ||     5
Armor: Robe              |    26 |       ||    26
       Leather armour    |    13 |     7 ||    20
Dodge: Dodged            |    92 |    23 ||   115

Table legend: (Time is in decaauts)
 A = Elapsed time spent in this place.
 B = Non-inter-level travel time spent in this place.
 C = Inter-level travel time spent in this place.
 D = Time resting spent in this place.
 E = Time spent auto-exploring this place.
 F = Levels seen in this place.
 G = Mean time per level.
                   A        B        C        D        E       F      G
               +--------+--------+--------+--------+--------+-----+--------+
         Total |   2658 |   2509 |    149 |      0 |   1709 |   4 |  664.5 |
       Dungeon |   2658 |   2509 |    149 |      0 |   1709 |   4 |  664.5 |
               +--------+--------+--------+--------+--------+-----+--------+

Top non-repeatable levels by time:
     D:3: 965 daAuts
     D:1: 797 daAuts
     D:2: 794 daAuts
     D:4: 100 daAuts
